 Dungeon Crawl Stone Soup version 0.31-a0-765-g67fe2935dc (webtiles) character file.

Game seed: 13840059256875530328

1446 Conn the Sneak (level 8, -11/46 HPs)
             Began as an Octopode Fire Elementalist on Sept 16, 2023.
             Was an Initiate of Sif Muna.
             Mangled by an orc warrior
             ... wielding a +0 morningstar
              (18 damage)
             ... on level 7 of the Dungeon.
             The game lasted 00:12:41 (6343 turns).

Conn the Sneak (Octopode Fire Elementalist)         Turns: 6343, Time: 00:12:42

Health: -11/46     AC:  1    Str:  8    XL:     8   Next: 75%
Magic:  3/15       EV: 14    Int: 19    God:    Sif Muna [......]
Gold:   298        SH:  5    Dex: 12    Spells: 6/16 levels left

rFire   . . .        w - +1 mace (protect)
rCold   . . .        (no shield)
rNeg    . . .        (helmet restricted)
rPois   .            g - amulet of reflection
rElec   .            (no ring)
rCorr   .            (no ring)
SInv    .            (no ring)
Will    .....        (no ring)
Stlth   ++++         (no ring)
HPRegen 0.27/turn    (no ring)
MPRegen 0.14/turn    (no ring)
                     (no ring)

%: reflection
@: mighty
A: almost no armour, amphibious, 8 rings, camouflage 1, gelatinous body 1,
(nimble swimmer 1), tentacles
a: Renounce Religion


You were on level 7 of the Dungeon.
You worshipped Sif Muna.
Sif Muna was noncommittal.
You visited 2 branches of the dungeon, and saw 8 of its levels.

You collected 298 gold pieces.

Inventory:

Hand Weapons
 c - a +0 short sword
 k - a +0 dagger of pain
 u - a +2 short sword of draining
 w - a +1 mace of protection (weapon)
Missiles
 d - 13 poisoned darts
Jewellery
 g - an amulet of reflection (around mantle)
Wands
 l - a wand of flame (13)
Scrolls
 e - 8 scrolls of identify {unknown}
 f - 2 scrolls of noise {unknown}
 h - 3 scrolls of enchant weapon {unknown}
 m - a scroll of revelation {unknown}
 o - a scroll of fear {unknown}
 p - 2 scrolls of teleportation {unknown}
 q - 2 scrolls of enchant armour {unknown}
 t - 2 scrolls of vulnerability {unknown}
Potions
 a - a potion of magic
 b - 2 potions of might
 i - a potion of attraction {unknown}
 j - a potion of enlightenment {unknown}
 s - a potion of berserk rage {unknown}
 v - 2 potions of lignification {unknown}
 x - a potion of curing {unknown}


   Skills:
 + Level 4.9 Dodging
 + Level 7.0 Stealth
 * Level 4.8 Spellcasting
 * Level 4.9 Conjurations
 + Level 5.3 Fire Magic


You had 6 spell levels left.
You knew the following spells:

 Your Spells              Type           Power      Damage    Failure   Level
a - Foxfire               Conj/Fire      96%        2x1d8     1%          1
b - Scorch                Fire           50%        2d7       1%          2
c - Inner Flame           Hex/Fire       14%        N/A       13%         3
d - Flame Wave            Conj/Fire      24%        2d8       16%         4

Your spell library contained the following spells:

 Spells                   Type           Power      Damage    Failure   Level
 Magic Dart               Conj           92%        1d7       1%          1
 Volatile Blastmotes      Fire/Tloc      28%        2d12      13%         3
 Call Imp                 Summ           8%         N/A       19%         2
 Ensorcelled Hibernation  Hex/Ice        8%         N/A       19%         2
 Jinxbite                 Hex            8%         N/A       19%         2
 Mephitic Cloud           Conj/Pois/Air  10%        N/A       19%         3
 Anguish                  Hex/Necr       2%         N/A       77%         4
 Summon Cactus Giant      Summ           2%         N/A       100%        6


Dungeon Overview and Level Annotations

Branches:
Dungeon (7/15)             Temple (1/1) D:6

Altars:
Ashenzari
Cheibriados
Dithmenos
Fedhas
Hepliaklqana
Kikubaaqudgha
Nemelex Xobeh
Okawaru
Qazlal
Sif Muna
Trog
Uskayaw
Vehumet
Wu Jian
Xom
Yredelemnul

Shops:
D:5 [


Innate Abilities, Weirdness & Mutations

You cannot wear most types of armour.
You are amphibious.
You can wear up to eight rings at the same time.
Your skin changes colour to match your surroundings (Stealth+).
Your rubbery body absorbs attacks. (AC +1, EV +1)
((You are camouflaged when in or above water. (Stealth+)))
You have tentacles for arms and can constrict up to eight enemies at once.


Message History

The orc hits you with a +0 club.
* * * LOW HITPOINT WARNING * * *
It was a potion of heal wounds.
You feel much better. The orc warrior misses you.
The orc wizard struggles against the net.
The orc completely misses you.
An orc warrior opens the door.
Found a stone staircase leading up.
The orc warrior attacks as it pursues you!
The orc warrior hits you with a +0 morningstar!
The orc wizard struggles against the net.
The orc attacks as it pursues you! The orc closely misses you.
The orc wizard struggles against the net.
The orc warrior attacks as it pursues you!
The orc warrior hits you with a +0 morningstar!
* * * LOW HITPOINT WARNING * * *
The orc wizard struggles against the net.
The net rips apart, and the orc wizard comes free!
You feel much better.
The orc warrior hits you with a +0 morningstar!
* * * LOW HITPOINT WARNING * * *
Casting: Flame Wave (quite dangerous; 16% risk of failure)
Confirm with . or Enter, or press ? or * to list all spells.
Okay, then.
Unknown command.
Unknown command.
Unknown command.
Unknown command.
Okay, then.
Unknown command.
Unknown command.
Unknown command.
Unknown command.
Okay, then.
Unknown command.
Unknown command.
You barely miss the orc warrior. You grab the orc warrior.
The orc warrior is heavily wounded.
You constrict the orc warrior, but do no damage.
The orc warrior hits you with a +0 morningstar!!
You die...

....## ##...
...........
#####...#......
.......)'.....
......).#..##..
.....)>o'......
.####.oo#<#....
## ###o# # # ..
#@# #. #.# #.
###.# #. #...#
# #. #.###
##.#.#.##.###.#
..............#
.......<#.....#
##......#####.#


You could see 2 orc warriors, an orc wizard and an orc.

Vanquished Creatures
  Edmund (D:5)
  A water moccasin (D:6)
  A black bear (D:5)
  A kobold brigand (D:6)
  2 bullfrogs (D:6)
  A scorpion (D:6)
  A howler monkey (D:6)
  4 hounds
  4 orc priests
  3 jellies
  A gnoll bouda (D:5)
  An iguana (D:6)
  An orc wizard (D:6)
  Natasha (thrice) (D:2)
  Robin (D:2)
  12 gnolls
  9 adders
  A shadow imp (D:6)
  A white imp (D:5)
  4 worms
  5 dart slugs
  13 orcs
  9 ball pythons
  8 endoplasms
  2 giant cockroaches (D:1)
  16 goblins
  10 hobgoblins
  2 jackals (D:3)
  16 kobolds
  2 quokkas
  3 bats
  4 frilled lizards
  A rat (D:2)
144 creatures vanquished.

Vanquished Creatures (collateral kills)
  7 foxfires
7 creatures vanquished.

Vanquished Creatures (others)
  A kobold (D:6)
  440 foxfires
441 creatures vanquished.

Grand Total: 592 creatures vanquished

Notes
Turn   | Place    | Note
-------+----------+-------------------------------------------
     0 | D:1      | Conn the Octopode Fire Elementalist began the quest for the
                  | Orb.
     0 | D:1      | Reached XP level 1. HP: 11/11 MP: 3/3
   145 | D:1      | Reached skill level 3 in Stealth
   145 | D:1      | Reached XP level 2. HP: 17/17 MP: 0/5
   526 | D:1      | Reached XP level 3. HP: 21/21 MP: 0/6
   529 | D:1      | Learned a level 2 spell: Scorch
   533 | D:1      | Learned a level 3 spell: Inner Flame
  1132 | D:2      | Noticed Robin
  1239 | D:2      | Noticed Natasha
  1337 | D:1      | Reached XP level 4. HP: 18/27 MP: 0/7
  1460 | D:2      | Killed Robin
  1536 | D:2      | Killed Natasha
  1587 | D:2      | Noticed Natasha
  1591 | D:2      | Killed Natasha
  1592 | D:2      | Reached XP level 5. HP: 31/31 MP: 2/9
  1597 | D:2      | Noticed Natasha
  1743 | D:2      | Killed Natasha
  1744 | D:2      | Reached skill level 4 in Stealth
  2256 | D:3      | Found a sparkling altar of Nemelex Xobeh.
  2776 | D:4      | Reached XP level 6. HP: 36/36 MP: 1/10
  3289 | D:4      | Found a broken altar of Ashenzari.
  3292 | D:4      | Found a basalt altar of Yredelemnul.
  3294 | D:4      | Found a blossoming altar of Fedhas.
  3297 | D:4      | Found a radiant altar of Vehumet.
  3303 | D:4      | Found a hazy altar of Hepliaklqana.
  3342 | D:4      | Learned a level 4 spell: Flame Wave
  3593 | D:4      | Identified the +2 pair of boots "Osudong" {Fly Int-3 Dex+4}
  3896 | D:5      | Entered Level 5 of the Dungeon
  3903 | D:5      | Reached skill level 5 in Stealth
  3955 | D:5      | Found Zovaumo's Antique Armour Shop.
  4127 | D:5      | Reached XP level 7. HP: 38/41 MP: 1/12
  4366 | D:5      | Noticed Edmund
  4397 | D:5      | Killed Edmund
  4714 | D:5      | Reached skill level 6 in Stealth
  4767 | D:5      | Found an iron altar of Okawaru.
  5016 | D:6      | Reached XP level 8. HP: 46/46 MP: 7/14
  5079 | D:6      | Reached skill level 5 in Fire Magic
  5136 | D:6      | Found a bloodstained altar of Trog.
  5507 | D:6      | Found a shimmering blue altar of Sif Muna.
  5515 | D:6      | Became a worshipper of Sif Muna the Loreminder
  6115 | D:6      | Found a staircase to the Ecumenical Temple.
  6159 | Temple   | Entered the Ecumenical Temple
  6334 | D:7      | Reached skill level 7 in Stealth
  6341 | D:7      | HP: 2/46 [orc warrior/+0 morningstar (15)]
  6343 | D:7      | Mangled by an orc warrior

Illustrated notes

Levels and vault maps discovered:
D:1:      evilmike_arrival_plus, layout_rooms, nicolae_houndstooth_variations
D:2:      layout_rooms, chequers_serial_rivers_micro_e,
          chequers_serial_rivers_room_b, uniq_natasha, uniq_robin
D:3:      layout_rooms, nemelex_xobeh_ov_fountains_minmay
D:4:      minmay_skewed_foursquare, layout_gridville,
          nicolae_overflow_hallway_of_the_gods
D:5:      layout_rooms, okawaru_altar_gauntlet_db, serial_shops, shop,
          hangedman_decor_lopped, dreamdust_gnoll_farm, uniq_edmund
D:6:      layout_gridville, mainiacjoe_overflow_boulevard, trog_hazing_becter,
          temple_doors_e
D:7:      layout_basic, mainiacjoe_overflow_cross_hatched,
          kennysheep_little_box, serial_shops, nicolae_stop_n_shop_1,
          nicolae_elemental_shop
Temple:   nicolae_temple_great_sept

Skill      XL: |  1  2  3  4  5  6  7  8 |
---------------+-------------------------+-----
Stealth        | 3 4 5 6 7 |  7.0
Conjurations   | 2 3 4 |  4.9
Dodging        | 3 4 |  4.9
Spellcasting   | 3 4 |  4.8
Fire Magic     | 4 5 |  5.3

Action                     |  1- 3 |  4- 6 |  7- 9 || total
---------------------------+-------+-------+-------++-------
  Melee: Unarmed           |     2 |       |       ||     2
         Constrict         |     1 |     5 |     8 ||    14
         Tentacles         |     1 |     3 |     5 ||     9
         Short sword       |     3 |     4 |     6 ||    13
         Dagger            |       |    22 |     8 ||    30
         Punch             |       |       |     2 ||     2
         Mace              |       |       |    15 ||    15
  Throw: Throwing net      |       |       |     1 ||     1
   Cast: Foxfire           |    60 |   114 |    81 ||   255
         Scorch            |     3 |     9 |    23 ||    35
         Inner Flame       |       |     1 |     2 ||     3
         Flame Wave        |       |       |     2 ||     2
    Use: Potion            |       |       |     3 ||     3
   Stab: Sleeping          |     1 |     5 |     2 ||     8
 Armour: Skin              |    11 |    25 |    23 ||    59
  Dodge: Dodged            |    21 |    18 |    34 ||    73
  Block: Other             |     7 |     7 |    12 ||    26
         Reflection        |       |       |     4 ||     4

Table legend: (Time is in decaauts)
 A = Elapsed time spent in this place.
 B = Non-inter-level travel time spent in this place.
 C = Inter-level travel time spent in this place.
 D = Time resting spent in this place.
 E = Time spent auto-exploring this place.
 F = Levels seen in this place.
 G = Mean time per level.
                   A        B        C        D        E       F      G
               +--------+--------+--------+--------+--------+-----+--------+
         Total |   6355 |   6285 |     70 |    555 |   4095 |   8 |  794.4 |
       Dungeon |   6353 |   6283 |     70 |    555 |   4095 |   7 |  907.6 |
        Temple |      1 |      1 |      0 |      0 |      0 |   1 |    1.0 |
               +--------+--------+--------+--------+--------+-----+--------+

Top non-repeatable levels by time:
     D:1: 1467 daAuts
     D:6: 1381 daAuts
     D:4: 1097 daAuts
     D:5: 1039 daAuts
     D:2: 687 daAuts
     D:3: 652 daAuts
     D:7: 28 daAuts
  Temple: 1 daAuts
